 Dungeon Sprint DCSS version 0.30.0-29-ga12c61a403 (webtiles) character file.

Game seed: 4726620328961088023

40 Groucho the Ducker (level 3, -1/17 HPs)
             Began as a Felid Transmuter on June 17, 2023.
             Slain by a hound (2 damage)
             ... in the Dungeon (Sprint IX: "|||||||||||||||||||||||||||||").
             The game lasted 00:01:10 (250 turns).

Groucho the Ducker (Felid Transmuter)                Turns: 250, Time: 00:01:11

Health: -1/17      AC:  1    Str:  8    XL:     3   Next: 30%
Magic:  8/8        EV: 19    Int: 14    God:
Gold:   0          SH:  0    Dex: 16    Spells: 6/7 levels left
                                        Lives:  0   Deaths: 0

rFire   . .          .
                       - Unarmed
rCold   . . .        (shield unavailable)
rNeg    . . .        (body armour unavailable)
rPois   .            (helmet unavailable)
rElec   .            (cloak unavailable)
rCorr   .            (gloves unavailable)
SInv    +            (boots unavailable)
Will    .....        (no amulet)
Stlth   ++           (no ring)
HPRegen 0.22/turn    (no ring)
MPRegen 0.11/turn

%: no teleportation
@: quick
A: very small, claws 1, fangs 3, see invisible, speed 1, shaggy fur 1, stealthy
paws, no weapons or thrown items, no armour, multi-lived
a: no special abilities


You were in the Dungeon.
You visited 1 branch

Inventory:

Scrolls
 g - a scroll of blinking
Potions
 a - a potion of lignification
 c - a potion of heal wounds
 d - a potion of haste
 e - 2 potions of magic
 f - a potion of berserk rage


   Skills:
 * Level 3.0 Fighting
 * Level 4.8 Dodging
 + Level 2.8 Stealth
 * Level 4.3 Unarmed Combat
 + Level 2.7 Spellcasting
 + Level 3.2 Transmutations


You had 6 spell levels left.
You knew the following spells:

 Your Spells              Type           Power      Damage    Failure   Level
a - Beastly Appendage     Tmut           20%        N/A       6%          1

Your spell library contained the following spells:

 Spells                   Type           Power      Damage    Failure   Level
 Wereblood                Tmut           10%        N/A       9%          2
 Spider Form              Tmut/Pois      6%         N/A       34%         3
 Ice Form                 Ice/Tmut       6%         N/A       75%         4


Dungeon Overview and Level Annotations

Branches:
Dungeon (1/1)

Altars:


Innate Abilities, Weirdness & Mutations

You have sharp claws.
You have razor-sharp teeth.
You have supernaturally acute eyesight. (SInv)
You cover ground quickly. (Speed+)
You are covered in fur. (AC +1)
Your paws help you pounce on unaware monsters.
You are incapable of wielding weapons or throwing items.
You cannot wear armour.
You gain extra lives every three experience levels.


Message History

The hound stops to sniff the ground.
The hound misses you.
You scratch the hound.
The hound is severely wounded.
The hound misses you.
You scratch the hound.
You kill the hound!
Your Fighting skill increases to level 3!
Your Dodging skill increases to level 4!
Your Stealth skill increases to level 2!
Your Unarmed Combat skill increases to level 4!
Your Transmutations skill increases to level 3!
You have reached level 3!
Your experience leads to an increase in your attributes!
Increase (S)trength, (I)ntelligence, or (D)exterity?
You feel stronger. x2
Unknown command.
You closely miss the orc. The orc closely misses you.
You closely miss the orc. The orc barely misses you.
You scratch the orc. You bite the orc, but do no damage.
The orc is severely wounded.
The orc closely misses you.
You scratch the orc but do no damage.
The orc is severely wounded.
The orc hits you with a +0 club.
You barely miss the orc. You claw the orc.
You kill the orc!
The hound completely misses you.
You barely miss the hound. The hound completely misses you.
You closely miss the hound. The hound barely misses you.
You closely miss the hound. The hound bites you. The hound barely misses you.
You scratch the hound.
The hound is lightly wounded.
The hound completely misses you.
You scratch the hound.
The hound is moderately wounded.
The hound bites you.
* * * LOW HITPOINT WARNING * * *
The hound bites you.
You die...

▓.▓
▓.▓
▓'▓
▓.▓
▓)▓
▓.▓
▓.▓
▓.▓
▓@▓
▓h▓
▓S▓
▓o▓
▓.▓
▓.▓
▓+▓


You could see a hound, an adder and an orc.

Vanquished Creatures
  A hound (D)
  2 dart slugs (D)
  An orc (D)
  A giant cockroach (D)
  A hobgoblin (D)
  A kobold (D)
7 creatures vanquished.

Notes
Turn   | Place    | Note
-------+----------+-------------------------------------------
     0 | D        | Groucho the Felid Transmuter began the quest for the Orb.
     0 | D        | Reached XP level 1. HP: 9/9 MP: 4/4
    13 | D        | Reached skill level 1 in Stealth
    26 | D        | Reached XP level 2. HP: 13/13 MP: 6/6
   241 | D        | Reached XP level 3. HP: 11/17 MP: 8/8
   250 | D        | Slain by a hound

Illustrated notes

Levels and vault maps discovered:
D:        linesprint [early_d, line_temple, items_1, d_10, items_2, lair_1,
          lair_end, items_3, orc_1, orc_end, items_4, d_15, swamp_1, shoals_1,
          snake_1, spider_1, d_20, vaults_1, items_5, swamp_end, shoals_end,
          snake_end, spider_end, vaults_end, d_27, items_6, zot_1, zot_end,
          crypt_end, forest_end, elf_end, slime_end, tomb_end, abyss_end,
          pan_hell_end]

Skill      XL: |  1  2 |
---------------+-------+-----
Dodging        | 3 4 |  4.8
Stealth        | 1 2 |  2.8
Fighting       | 2 3 |  3.0
Unarmed Combat | 4 |  4.3
Transmutations | 3 |  3.2
Spellcasting   | |  2.7

Action                     || total
---------------------------++-------
  Melee: Unarmed           ||    40
         Bite              ||     5
         Punch             ||     2
    Use: Potion            ||     1
 Armour: Skin              ||     1
  Dodge: Dodged            ||    29
